Map: [TLMC21] Satellite Years

Players

ReBellioN

  • Race: Terran Terran
  • Spawn Location: 5:00

SpeCial - Winner!

  • Race: Protoss Protoss
  • League: Grandmaster
  • Spawn Location: 11:00

VOD

Have the link to the VOD?

Description

Time

  • Played on: Oct. 12, 2025, 12:06 p.m.
  • Length: 7:34
Show
View Real Time Build Order
Export as new Build Order

ReBellioN Terran 

Build Orders:  

Get SALT Encoding   

  12  0:00  SCV  
  13  0:12  SCV  
  14  0:17  Supply Depot  
  14  0:25  SCV  
  15  0:39  SCV  
  15  0:40  Barracks  
  16  0:46  Refinery  
  16  0:51  SCV  
  17  1:10  Barracks  
  17  1:12  SCV  
  18  1:24  SCV  
  19  1:32  Supply Depot  
  18  1:38  SCV  
  19  2:02  Marine  
  20  2:14  Orbital Command  
  20  2:21  Factory  
  20  2:37  Barracks Tech Lab  
  20  2:41  SCV  
  21  2:54  Command Center  
  21  2:56  SCV  
  22  3:13  Cyclone, SCV  
  26  3:20  Barracks Reactor  
  26  3:23  Supply Depot  
  26  3:25  SCV  
  27  3:37  Barracks, SCV  
  28  3:41  Barracks  
  28  3:49  SCV  
  28  4:00  Marine  
  28  4:01  Marine  
  30  4:06  SCV  
  30  4:07  Refinery, Siege Tank  
  34  4:12  Orbital Command  
  34  4:20  SCV  
  34  4:22  Marine x2  
  37  4:33  SCV  
  37  4:37  Marine x2  
  40  4:39  SCV  
  40  4:40  Marine x2  
  43  4:47  SCV  
  43  4:52  SCV  
  45  4:54  Supply Depot  
  45  4:59  SCV  
  46  5:01  Stimpack  
  46  5:02  Marauder  
  46  5:05  Engineering Bay  
  46  5:06  SCV  
  49  5:08  Marine x2  
  49  5:11  Barracks Tech Lab  
  49  5:12  SCV  
  52  5:15  Refinery  
  52  5:22  Supply Depot  
  52  5:24  Marauder  
  52  5:26  Marine x2, SCV  
  57  5:32  Terran Infantry Weapons Level 1  
  57  5:35  Marine  
  57  5:39  SCV  
  59  5:43  Marine  
  59  5:44  Marine, Combat Shield  
  59  5:48  SCV  
  62  5:51  SCV  
  62  5:52  Marauder  
  62  5:54  Marauder  
  67  5:57  Supply Depot  
  67  6:01  Marine x2  
  69  6:10  SCV  
  70  6:14  Marauder  
  70  6:15  Marauder  
  70  6:18  SCV  
  75  6:19  Supply Depot, Marine x2  
  77  6:29  SCV  
  78  6:35  Marauder  
  78  6:41  Concussive Shells, Marine, Marauder  
  78  6:47  Marine  
  77  6:56  Marauder  
  77  6:59  Marine  
  78  7:02  Marine, SCV x2  
  78  7:05  Marine  
Show
View Real Time Build Order
Export as new Build Order

SpeCial Protoss - Winner!

Build Orders: Blink Stalkers 

Get SALT Encoding   

  12  0:00  Probe  
  13  0:12  Probe  
  14  0:18  Pylon  
  14  0:24  Probe  
  15  0:32  Probe  
  15  0:40  Probe  
  16  0:43  Pylon  
  17  0:51  Assimilator  
  17  0:52  Probe  
  18  1:02  Gateway  
  18  1:05  Probe  
  19  1:14  Gateway  
  19  1:18  Probe  
  20  1:34  Gateway  
  20  1:35  Pylon  
  20  1:37  Probe  
  20  1:39  Assimilator  
  20  1:51  Cybernetics Core  
  20  1:53  Probe  
  22  2:03  Gateway  
  22  2:06  Probe  
  21  2:19  Nexus  
  21  2:22  Probe  
  22  2:29  Pylon  
  22  2:36  Assimilator  
  22  2:37  Probe  
  22  2:39  Stalker  
  22  2:43  Warp Gate  
  23  2:49  Probe  
  26  3:01  Probe  
  26  3:05  Stalker  
  29  3:13  Probe  
  29  3:19  Twilight Council  
  30  3:25  Probe  
  31  3:28  Probe  
  31  3:32  Stalker  
  31  3:33  Probe  
  32  3:36  Probe  
  36  3:42  Probe  
  36  3:43  Gateway  
  36  3:45  Blink  
  37  3:52  Probe  
  37  3:53  Probe  
  39  4:06  Probe x2  
  41  4:14  Pylon  
  41  4:20  Probe x2  
  43  4:24  Phoenix  
  43  4:26  Nexus  
  42  4:37  Probe x2  
  44  4:43  Sentry, Stalker  
  48  4:49  Probe x2  
  50  4:55  Gateway  
  50  4:58  Gateway  
  50  5:01  Probe x2, Pylon  
  52  5:07  Stalker  
  52  5:13  Pylon  
  54  5:19  Probe x2  
  56  5:23  Stalker  
  56  5:27  Probe  
  58  5:31  Probe, Charge, Pylon  
  58  5:32  Stalker  
  58  5:35  Probe  
  62  5:40  Probe  
  64  5:43  Probe  
  64  5:45  Probe  
  64  5:49  Gateway  
  66  5:50  Gateway  
  66  5:54  Gateway x2  
  66  5:56  Gateway  
  66  5:58  Pylon  
  66  5:59  Probe  
  66  6:03  Probe x2  
  69  6:08  Zealot x2  
  73  6:11  Zealot  
  73  6:12  Probe  
  73  6:13  Zealot  
  78  6:19  Probe x2, Pylon  
  80  6:30  Zealot  
  80  6:31  Zealot  
  84  6:34  Pylon  
  84  6:35  Zealot x2  
  88  6:45  Zealot x2  
  90  6:48  Pylon  
  90  6:53  Zealot x5  
  100  7:08  Zealot x2  
  100  7:09  Zealot x2  
  108  7:16  Zealot  
  108  7:17  Zealot x3  
  116  7:29  Stalker x2  
  106  7:30  Stalker x3  
Tags
 
Add a new tag
Caveats
  • Supply blocks, unpowered buildings, or Contaminate may cause inaccurate times.
  • Supply counts are checked every 10 seconds.